 Dungeon Crawl Stone Soup version 0.22-a0-422-g9628fc8 (webtiles) character file.

11184 Ijustatesigmund the Grappler (level 11, -9/109 HPs)
             Began as a Troll Fighter on May 17, 2018.
             Mangled by a six-headed hydra (11 damage)
             ... on level 11 of the Dungeon.
             The game lasted 00:20:54 (8544 turns).

Ijustatesigmund the Grappler (Troll Fighter)        Turns: 8544, Time: 00:20:54

Health: -9/109     AC: 13    Str: 26    XL:     11   Next: 46%
Magic:  10/10      EV: 10    Int:  8    God:
Gold:   718        SH:  0    Dex:  9    Spells: 10/10 levels left

rFire    . . .     SeeInvis .   t - +0 giant club
rCold    . . .     Gourm    +   (shield currently unavailable)
rNeg     + . .     Faith    .   B - +1 troll leather armour
rPois    .         Spirit   .   w - +2 hat {Int+3}
rElec    .         Reflect  .   f - +2 cloak
rCorr    .         Harm     .   (gloves unavailable)
MR       ++...                  (boots unavailable)
Stlth    +.........             (no amulet)
HPRegen  1.08/turn              o - ring of protection from magic
MPRegen  0.12/turn              y - ring of positive energy

@: no status effects
A: large, unfitting armour, claws 3, clumsy 1, fast metabolism 3, gourmand,
magic resistance 1, regeneration 1, shaggy fur 1, tough skin 2
a: no special abilities


You were on level 11 of the Dungeon.
You were not hungry.

You visited 1 branch of the dungeon, and saw 11 of its levels.

You collected 718 gold pieces.

Inventory:

Hand Weapons
 t - a +0 giant club (weapon)
Missiles
 g - 9 javelins
 j - 2 throwing nets (quivered)
 s - 2 poisoned javelins
Armour
 a - a +0 robe
 b - a +0 shield
 f - a +2 cloak (worn)
 w - a +2 hat of intelligence (worn)
 B - a +1 troll leather armour (worn)
Jewellery
 c - an uncursed ring of ice
 o - a ring of protection from magic (left claw)
 y - a ring of positive energy (right claw)
Wands
 e - a wand of iceblast (5)
 m - a wand of enslavement (2)
 q - a wand of paralysis (15)
 A - a wand of scattershot (5)
Scrolls
 h - 6 scrolls of enchant weapon
 i - 2 scrolls of remove curse
 n - 4 scrolls of fog
 p - 4 scrolls of identify
 r - 4 scrolls of teleportation
 x - 3 scrolls of magic mapping
Potions
 k - 2 potions of curing
 l - a potion of resistance
 u - 2 potions of agility
 v - a potion of might
 z - a potion of haste
Comestibles
 d - 18 rations


   Skills:
 + Level 7.1 Fighting
 - Level 5.5 Maces & Flails
 - Level 4.2 Throwing
 + Level 3.0 Armour
 - Level 2.4 Dodging
 - Level 4.7 Shields
 + Level 12.8 Unarmed Combat


You had 10 spell levels left.
You didn't know any spells.
Your spell library contained the following spells:

 Spells                   Type           Power        Failure   Level  Hunger
 Throw Frost              Conj/Ice       #.....       58%         2    ###....
 Freeze                   Ice            #...         43%         1    ##.....
 Summon Ice Beast         Ice/Summ       #.......     99%         4    #####..
 Ozocubu's Armour         Chrm/Ice       #.......     82%         3    ####...
 Throw Icicle             Conj/Ice       #.......     99%         4    #####..


Dungeon Overview and Level Annotations

Branches:
Dungeon (11/15)            Temple (0/1) D:4            Lair (0/6) D:8
    Orc (0/2) D:11

Altars:
Ashenzari
Dithmenos
Okawaru

Shops:
D:5 %

Portals:
Trove: D:10 (give 8 potions of haste)


Innate Abilities, Weirdness & Mutations

You are too large for most types of armour.
You have claws for hands.
Your metabolism is lightning-fast.
You like to eat raw meat.
Your natural rate of healing is unusually fast.
You are covered in fur. (AC +1)
You have very tough skin. (AC +2)
You are clumsy. (Dex -2)
You are resistant to hostile enchantments. (MR+)


Message History

* * * LOW HITPOINT WARNING * * *
The six-headed hydra bites you.
* * * LOW HITPOINT WARNING * * *
The six-headed hydra bites you!
* * * LOW HITPOINT WARNING * * *
The six-headed hydra bites you.
* * * LOW HITPOINT WARNING * * *
The six-headed hydra barely misses you.
The six-headed hydra bites you but does no damage.
Okay, then.
You bludgeon the six-headed hydra!!
The six-headed hydra is almost dead.
The six-headed hydra bites you but does no damage.
The six-headed hydra bites you.
* * * LOW HITPOINT WARNING * * *
The six-headed hydra bites you!
* * * LOW HITPOINT WARNING * * *
The six-headed hydra bites you but does no damage.
The six-headed hydra barely misses you. The six-headed hydra bites you!
You die...

#.....## ##.##.#.###.#
##......##.##..#.#.#.##
#..._...#.##....######
#.............#.#
.............###.#
#...........## .#
.#.....#...# ##
#.###D..#.## #.#@..#.#
###.#...## #......##
#.##.### ######


You could see a six-headed hydra.

Vanquished Creatures
  Gastronok (D:11)
  2 two-headed ogres (D:8)
  2 unseen horrors
  Pikel (D:4)
  An ugly thing (D:10)
  A troll (D:10)
  7 yaks
  A human (D:7)
  Eustachio (D:4)
  A wyvern (D:10)
  2 hogs (D:7)
  Menkaure (D:6)
  Edmund (D:6)
  4 orc warriors
  3 black bears
  2 slaves (D:3)
  2 ice beasts
  A necrophage (D:8)
  A sky beast (D:9)
  7 ogres
  3 centaurs
  Blork the orc (D:4)
  A big kobold (D:9)
  5 bullfrogs
  A scorpion (D:8)
  A water moccasin skeleton (D:6)
  5 killer bees (D:7)
  A howler monkey (D:9)
  4 crimson imps
  5 orc priests
  3 hounds
  A bullfrog skeleton (D:9)
  A centaur skeleton (D:6)
  15 orc wizards
  Ijyb (D:4)
  Natasha (thrice) (D:2)
  4 iguanas
  7 worker ants
  A hound skeleton (D:5)
  14 gnolls
  10 adders
  A shadow imp (D:7)
  An ooze (D:3)
  An adder skeleton (D:4)
  2 dart slugs (D:2)
  5 leopard geckos
  45 orcs
  5 bats
  8 goblins
  6 hobgoblins
  16 jackals
  2 quokkas
  3 ball pythons
  5 frilled lizards
  14 kobolds
  A leopard gecko zombie (D:6)
  3 quokka skeletons (D:7)
  A quokka zombie (D:7)
  8 rats
256 creatures vanquished.

Vanquished Creatures (others)
  An orc (D:4)
1 creature vanquished.

Grand Total: 257 creatures vanquished

Notes
Turn   | Place    | Note
-------+----------+-------------------------------------------
     0 | D:1      | Ijustatesigmund the Troll Fighter began the quest for the Orb.
     0 | D:1      | Reached XP level 1. HP: 22/22 MP: 0/0
   187 | D:1      | Reached XP level 2. HP: 29/29 MP: 1/1
   242 | D:1      | Found an iron altar of Okawaru.
   263 | D:1      | Reached skill level 3 in Unarmed Combat
   975 | D:2      | Noticed Natasha
   980 | D:2      | Noticed a crimson imp
   994 | D:2      | Killed Natasha
   994 | D:2      | Reached skill level 4 in Unarmed Combat
   994 | D:2      | Reached XP level 3. HP: 3/36 MP: 2/2
  1062 | D:2      | Noticed Natasha
  1073 | D:2      | Killed Natasha
  1073 | D:2      | Reached XP level 4. HP: 27/44 MP: 3/3
  1162 | D:2      | Noticed Natasha
  1167 | D:2      | Killed Natasha
  1228 | D:2      | Reached XP level 5. HP: 47/52 MP: 4/4
  1490 | D:3      | Reached skill level 5 in Unarmed Combat
  1941 | D:3      | Gained mutation: You are clumsy. (Dex -2) [potion of mutation]
  1941 | D:3      | Gained mutation: You are resistant to hostile enchantments. (MR+) [potion of mutation]
  2249 | D:4      | Noticed Pikel
  2249 | D:4      | Noticed a slave
  2249 | D:4      | Noticed a slave
  2249 | D:4      | Noticed a slave
  2249 | D:4      | Noticed a slave
  2279 | D:3      | Killed a slave
  2284 | D:3      | Killed a slave
  2537 | D:4      | Reached XP level 6. HP: 52/61 MP: 5/5
  2663 | D:4      | Noticed Blork the orc
  2668 | D:4      | Noticed Ijyb
  2677 | D:4      | Killed Blork the orc
  2677 | D:4      | Reached skill level 6 in Unarmed Combat
  2681 | D:4      | Killed Ijyb
  2717 | D:4      | Killed Pikel
  2717 | D:4      | Reached skill level 5 in Fighting
  2717 | D:4      | Reached skill level 7 in Unarmed Combat
  2717 | D:4      | Reached XP level 7. HP: 45/72 MP: 6/6
  2800 | D:4      | Found a staircase to the Ecumenical Temple.
  2875 | D:4      | Noticed Eustachio
  2877 | D:4      | Reached XP level 8. HP: 58/81 MP: 7/7
  2904 | D:4      | Killed Eustachio
  3257 | D:5      | Entered Level 5 of the Dungeon
  3396 | D:5      | Found Butif's Food Shoppe.
  3440 | D:5      | Reached skill level 1 in Throwing
  3473 | D:5      | Found a shadowy altar of Dithmenos.
  3988 | D:6      | Noticed Edmund
  3999 | D:6      | Killed Edmund
  4087 | D:6      | Reached skill level 1 in Maces & Flails
  4089 | D:6      | Reached XP level 9. HP: 65/89 MP: 8/8
  4099 | D:6      | Noticed Menkaure
  4109 | D:6      | Killed Menkaure
  4109 | D:6      | Reached skill level 8 in Unarmed Combat
  5077 | D:7      | Reached skill level 9 in Unarmed Combat
  5078 | D:7      | Found a shattered altar of Ashenzari.
  5621 | D:7      | Reached skill level 5 in Maces & Flails
  5893 | D:8      | Reached XP level 10. HP: 74/98 MP: 9/9
  5957 | D:8      | Reached skill level 10 in Unarmed Combat
  6071 | D:8      | Noticed a two-headed ogre
  6084 | D:8      | Killed a two-headed ogre
  6169 | D:8      | Reached skill level 11 in Unarmed Combat
  6324 | D:8      | Found a staircase to the Lair.
  6385 | D:8      | Noticed a two-headed ogre
  6392 | D:8      | Killed a two-headed ogre
  6882 | D:9      | Reached skill level 12 in Unarmed Combat
  7531 | D:10     | Entered Level 10 of the Dungeon
  7556 | D:10     | Reached XP level 11. HP: 94/105 MP: 10/10
  7929 | D:10     | Killed an unseen horror
  7929 | D:10     | Reached skill level 1 in Armour
  7985 | D:10     | Found a portal to a secret trove of treasure.
  8252 | D:11     | Noticed Gastronok
  8252 | D:11     | Noticed a white ugly thing
  8261 | D:10     | Killed a white ugly thing
  8344 | D:11     | Killed Gastronok
  8410 | D:11     | Found a staircase to the Orcish Mines.
  8478 | D:11     | Killed an unseen horror
  8520 | D:11     | Found an iron altar of Okawaru.
  8534 | D:11     | Noticed a six-headed hydra
  8544 | D:11     | HP: 2/109 [six-headed hydra (9)]
  8544 | D:11     | Mangled by a six-headed hydra

Vault maps used:
D:1:      enne_arrival_octagon_isle, minmay_hexomino_r4
D:2:      uniq_natasha
D:4:      minmay_temple_entry_overgrown, uniq_blork_the_orc, uniq_pikel,
          uniq_eustachio, uniq_ijyb
D:5:      serial_shops, shop, first_ration, nicolae_dithmenos_shadow_blocks
D:6:      cheibrodos_quashed, st_stairs_4, minivault_11,
          hangedman_abyss_or_decor_lesser_grid, kennysheep_small_square,
          uniq_menkaure, uniq_edmund
D:7:      cheibrodos_ashenzari_chains, grunt_livestock
D:8:      lair_entry_dummy
D:10:     nicolae_trove_entry_crossroad, kennysheep_small_spiral
D:11:     orc_0_dummy, basic_altar, uniq_erolcha, uniq_gastronok

Skill      XL: |  1  2  3  4  5  6  7  8  9 10 11 |
---------------+----------------------------------+-----
Unarmed Combat | 4 5 7 9 12 | 12.8
Fighting       | 3 5 6 7 |  7.1
Shields        | 4 |  4.7
Throwing       | 3 4 |  4.2
Maces & Flails | 1 5 |  5.5
Armour         | 3 |  3.0
Dodging        | |  2.4

Action                   |  1- 3 |  4- 6 |  7- 9 | 10-12 || total
-------------------------+-------+-------+-------+-------++-------
Melee: Unarmed           |    99 |   190 |   338 |   271 ||   898
       Giant club        |       |       |       |     4 ||     4
  Use: Scroll            |     4 |     5 |     5 |     4 ||    18
       Potion            |     3 |     2 |     2 |     1 ||     8
 Stab: Sleeping          |       |       |     1 |       ||     1
  Eat: Chunk             |    10 |    20 |    30 |    16 ||    76
Armor: Robe              |    60 |    39 |    80 |    44 ||   223
       Troll leather arm |       |       |       |    58 ||    58
Dodge: Dodged            |    45 |    41 |    98 |    75 ||   259
Block: Shield            |    54 |    78 |   146 |   116 ||   394

Table legend:
 A = Spawn XP
 B = Non-spawn XP
 C = Spawn XP percentage of total XP
 D = Spawn monster count
 E = Non-spawn monster count
 F = Spawn count percentage of total count
 G = Total turns spent on level
                    A         B        C        D         E        F      G
               +---------+---------+-------+---------+---------+-------+---------
         Total |       0 |   15978 |   0.0 |       0 |     254 |   0.0 |  8544
               +---------+---------+-------+---------+---------+-------+---------
           D:1 |       0 |      31 |   0.0 |       0 |      19 |   0.0 |   821
           D:2 |       0 |     178 |   0.0 |       0 |      24 |   0.0 |   611
           D:3 |       0 |     121 |   0.0 |       0 |      19 |   0.0 |  1061
           D:4 |       0 |    1432 |   0.0 |       0 |      31 |   0.0 |   764
           D:5 |       0 |     391 |   0.0 |       0 |      14 |   0.0 |   579
           D:6 |       0 |    1191 |   0.0 |       0 |      31 |   0.0 |   882
           D:7 |       0 |    2159 |   0.0 |       0 |      33 |   0.0 |  1166
           D:8 |       0 |    3279 |   0.0 |       0 |      35 |   0.0 |   990
           D:9 |       0 |    1783 |   0.0 |       0 |      26 |   0.0 |   706
          D:10 |       0 |    2375 |   0.0 |       0 |      16 |   0.0 |   740
          D:11 |       0 |    3038 |   0.0 |       0 |       6 |   0.0 |   224
               +---------+---------+-------+---------+---------+-------+---------
